Map: Acropolis LE

Players

Nitix

  • Race: Zerg Zerg
  • League: Grandmaster
  • Spawn Location: 5:00

Harstem - Winner!

  • Race: Protoss Protoss
  • League: Grandmaster
  • Spawn Location: 11:00

Event: NationWars 2019

VOD

Have the link to the VOD?

Description

Time

  • Played on: Sept. 30, 2019, 11:45 a.m.
  • Length: 13:18

All games in this series

Show
View Real Time Build Order
Export as new Build Order

Nitix Zerg 

Build Orders: Hatch First, Muta Ling Bane 

Get SALT Encoding   

  12  0:04  Drone  
  13  0:12  Overlord  
  13  0:16  Drone  
  14  0:30  Drone x2  
  16  0:47  Hatchery  
  15  0:51  Drone  
  15  0:54  Drone  
  17  0:57  Drone  
  18  1:08  Extractor  
  17  1:14  Spawning Pool  
  17  1:16  Drone  
  17  1:20  Drone  
  18  1:32  Drone  
  19  1:44  Drone  
  20  1:53  Overlord  
  20  2:00  Queen x2  
  20  2:01  Zergling x2  
  25  2:02  Zergling x2  
  26  2:12  Drone  
  26  2:13  Drone  
  26  2:14  Metabolic Boost  
  28  2:23  Drone x2  
  30  2:37  Hatchery  
  29  2:45  Queen  
  29  2:50  Overlord  
  31  2:53  Pneumatized Carapace  
  31  2:55  Drone  
  32  3:00  Drone  
  32  3:01  Drone  
  32  3:05  Drone x2  
  36  3:10  Drone x2  
  38  3:13  Drone  
  38  3:15  Drone  
  38  3:17  Drone  
  41  3:20  Drone  
  42  3:28  Overlord  
  42  3:29  Drone x2  
  44  3:44  Overlord  
  44  3:52  Queen  
  44  3:53  Queen  
  48  3:56  Roach Warren  
  48  3:57  Zergling x6  
  48  3:58  Zergling x4  
  48  3:59  Drone  
  53  4:04  Drone  
  53  4:05  Drone x2  
  53  4:06  Drone  
  53  4:07  Drone x2  
  60  4:16  Spore Crawler, Drone x2  
  61  4:18  Spore Crawler, Drone x3  
  61  4:23  Drone x2  
  65  4:25  Lair  
  63  4:43  Roach Warren  
  62  4:46  Drone x5, Extractor  
  62  4:47  Overlord x2, Extractor, Evolution Chamber  
  62  4:51  Overlord  
  64  4:55  Drone  
  64  4:57  Drone  
  66  5:04  Overlord x2  
  66  5:08  Drone x2  
  66  5:09  Drone x4  
  71  5:24  Roach x4  
  71  5:25  Roach x2  
  83  5:29  Spire, Extractor x2  
  80  5:36  Roach x3  
  80  5:38  Drone x2  
  80  5:39  Drone x3  
  91  5:46  Drone x2  
  90  5:52  Drone  
  90  5:53  Drone  
  90  5:55  Zerg Missile Weapons Level 1  
  90  5:56  Extractor  
  91  6:03  Glial Reconstitution  
  91  6:05  Drone x4  
  91  6:06  Drone  
  91  6:07  Overlord x2  
  91  6:08  Overlord  
  91  6:10  Roach  
  98  6:13  Baneling Nest  
  98  6:16  Hatchery  
  96  6:20  Drone  
  96  6:21  Overlord  
  96  6:22  Overlord  
  95  6:32  Queen x2  
  96  6:41  Drone x3  
  99  6:47  Mutalisk x5  
  99  6:49  Overlord  
  109  6:56  Centrifical Hooks  
  109  6:58  Overlord x2  
  109  6:59  Drone, Extractor  
  109  7:00  Drone x5  
  114  7:09  Drone x3  
  114  7:13  Roach x2  
  121  7:20  Roach, Infestation Pit  
  121  7:21  Roach x2  
  126  7:27  Roach  
  126  7:28  Roach x2  
  132  7:32  Zergling x18  
  139  7:48  Zergling x4, Roach x3  
  139  7:51  Corruptor  
  139  7:53  Ravager x3  
  139  7:54  Ravager x4  
  139  7:56  Overseer  
  139  7:58  Overlord x3  
  148  8:01  Zergling x6, Roach x3  
  148  8:02  Zergling x10, Roach  
  164  8:19  Zergling x4, Roach  
  172  8:20  Roach x2  
  173  8:27  Zergling x8, Roach x5  
  173  8:29  Baneling  
  173  8:30  Baneling x12  
  183  8:38  Zergling x6, Roach x3  
  191  8:51  Zergling x2  
  191  8:52  Zergling x4, Roach x3  
  191  8:53  Hive  
  177  9:07  Zergling x10, Roach x6, Hydralisk Den  
  146  9:20  Zergling x10, Roach x5  
  146  9:21  Roach  
  156  9:29  Drone  
  156  9:30  Drone x9  
  166  9:33  Spine Crawler  
  166  9:35  Spine Crawler, Hatchery  
  166  9:37  Ravager x2  
  165  9:40  Grooved Spines, Hydralisk x2  
  165  9:41  Hydralisk  
  165  9:42  Hydralisk  
  173  9:46  Baneling x4  
  173  9:48  Zerg Melee Weapons Level 1  
  173  9:52  Evolution Chamber  
  172  9:54  Extractor  
  169  10:04  Zergling x4, Roach  
  169  10:05  Zergling x2, Roach x2  
  169  10:06  Overlord x2  
  168  10:21  Zerg Missile Weapons Level 2  
  168  10:24  Greater Spire  
  168  10:26  Zergling x2, Hydralisk x4  
  168  10:27  Zergling x20  
  186  10:29  Baneling x6  
  186  10:48  Overlord x3  
  186  10:49  Spine Crawler  
  183  10:50  Spine Crawler  
  182  11:02  Spine Crawler  
  182  11:03  Extractor  
  180  11:04  Spine Crawler x3  
  180  11:06  Extractor  
  171  11:11  Baneling x11  
  171  11:13  Zergling x2  
  171  11:14  Zergling x36  
  186  11:33  Zergling x22  
  186  11:35  Baneling x10  
  178  11:51  Zergling x6  
  178  11:52  Zergling x8  
  183  11:55  Queen  
  185  12:03  Baneling  
  185  12:04  Baneling x6  
  185  12:07  Zergling x18  
  156  12:21  Hydralisk x7  
  156  12:22  Queen  
  158  12:35  Hydralisk x9  
  149  12:45  Hydralisk x3  
  137  12:52  Zergling x4  
Show
View Real Time Build Order
Export as new Build Order

Harstem Protoss - Winner!

Build Orders: 1 Gate Expand, Oracle Opening, Archon Immortal 

Get SALT Encoding   

  12  0:00  Probe  
  13  0:13  Probe  
  14  0:20  Pylon  
  14  0:25  Probe  
  15  0:38  Probe (Chrono Boost)  
  15  0:41  Gateway  
  16  0:48  Probe (Chrono Boost), Assimilator  
  17  0:53  Probe (Chrono Boost)  
  18  1:05  Probe  
  19  1:17  Probe  
  20  1:24  Nexus  
  20  1:33  Cybernetics Core  
  20  1:36  Probe  
  21  1:46  Assimilator  
  21  1:48  Probe  
  21  1:52  Pylon  
  22  2:00  Probe  
  23  2:11  Adept (Chrono Boost)  
  23  2:13  Probe  
  26  2:25  Probe  
  26  2:26  Stargate  
  27  2:33  Stalker (Chrono Boost)  
  29  2:38  Probe x2  
  31  2:47  Warp Gate  
  31  2:50  Probe x2  
  33  2:58  Gateway  
  33  3:02  Probe x2  
  35  3:08  Oracle (Chrono Boost)  
  38  3:14  Probe x2  
  40  3:20  Pylon  
  40  3:26  Probe  
  40  3:27  Probe  
  42  3:35  Oracle (Chrono Boost)  
  42  3:38  Probe  
  42  3:39  Probe  
  47  3:45  Assimilator  
  47  3:47  Assimilator  
  47  3:50  Probe  
  47  3:51  Probe  
  47  3:54  Pylon  
  49  4:00  Robotics Facility  
  49  4:02  Probe (Chrono Boost)  
  50  4:03  Probe (Chrono Boost)  
  51  4:10  Nexus  
  51  4:14  Probe (Chrono Boost)  
  51  4:15  Probe (Chrono Boost)  
  53  4:18  Forge  
  53  4:20  Pylon  
  53  4:23  Probe (Chrono Boost)  
  53  4:24  Probe (Chrono Boost)  
  55  4:29  Probe  
  56  4:32  Probe  
  57  4:40  Sentry  
  57  4:41  Adept, Probe  
  57  4:44  Probe  
  63  4:46  Phoenix  
  63  4:47  Twilight Council  
  63  4:52  Observer (Chrono Boost)  
  66  4:53  Probe  
  68  5:01  Protoss Ground Weapons Level 1  
  68  5:07  Gateway x2  
  68  5:13  Pylon  
  67  5:18  Probe x2 (Chrono Boost)  
  67  5:21  Pylon, Immortal (Chrono Boost), Zealot  
  78  5:29  Probe (Chrono Boost), Sentry  
  78  5:30  Probe (Chrono Boost)  
  78  5:33  Probe (Chrono Boost)  
  78  5:35  Probe (Chrono Boost)  
  81  5:37  Probe (Chrono Boost)  
  81  5:39  Charge  
  81  5:40  Probe  
  83  5:43  Zealot  
  83  5:44  Probe  
  83  5:47  Probe (Chrono Boost)  
  87  5:51  Observer  
  87  5:53  Assimilator  
  87  5:55  Probe (Chrono Boost)  
  87  5:56  Templar Archives, Assimilator  
  89  5:58  Pylon  
  89  6:00  Probe (Chrono Boost)  
  89  6:01  Probe (Chrono Boost)  
  90  6:07  Gateway  
  90  6:08  Probe x2 (Chrono Boost), Gateway  
  90  6:10  Probe (Chrono Boost)  
  93  6:11  Pylon  
  93  6:16  Probe x2, Immortal (Chrono Boost)  
  99  6:19  Zealot  
  99  6:21  Probe  
  99  6:23  Observer  
  101  6:28  Probe, Shield Battery  
  101  6:29  Psionic Storm  
  101  6:32  Gateway  
  102  6:34  Gateway  
  102  6:42  Zealot x2  
  106  6:48  Shield Battery  
  106  6:50  Immortal (Chrono Boost)  
  106  6:52  High Templar x2  
  114  6:55  Photon Cannon  
  114  6:56  Pylon  
  114  7:04  High Templar  
  114  7:07  Pylon  
  116  7:15  Phoenix (Chrono Boost)  
  118  7:16  Probe  
  118  7:18  High Templar  
  118  7:19  High Templar, Shield Battery  
  118  7:20  Nexus  
  118  7:22  Pylon  
  123  7:24  Pylon  
  123  7:25  Protoss Ground Weapons Level 2 (Chrono Boost)  
  123  7:26  Archon  
  123  7:28  Pylon, Probe  
  124  7:35  Stalker x2  
  128  7:39  Probe  
  128  7:40  Probe x2  
  127  7:44  Immortal (Chrono Boost)  
  127  7:51  Probe  
  127  7:52  Probe  
  127  7:53  Probe  
  127  7:57  High Templar  
  132  7:58  High Templar  
  132  8:03  Probe  
  135  8:08  Probe  
  135  8:12  Gateway  
  136  8:13  Probe  
  136  8:15  Probe, Gateway, Immortal  
  140  8:22  Pylon  
  140  8:24  Zealot x3  
  140  8:25  Zealot x3  
  152  8:28  Probe  
  152  8:30  Probe  
  154  8:36  High Templar x2  
  154  8:39  Pylon  
  154  8:40  Pylon  
  154  8:41  Assimilator x2  
  158  8:42  Archon, Shield Battery  
  158  8:46  Photon Cannon  
  156  8:52  Zealot x5  
  156  8:54  Observer  
  165  9:05  Zealot  
  165  9:08  Probe  
  154  9:13  Archon x2  
  154  9:14  Immortal (Chrono Boost)  
  154  9:15  Zealot x8  
  154  9:16  Probe (Chrono Boost)  
  152  9:22  Probe (Chrono Boost)  
  151  9:25  Probe (Chrono Boost), Photon Cannon  
  151  9:29  Probe (Chrono Boost)  
  154  9:39  Probe (Chrono Boost)  
  154  9:44  Warp Prism (Chrono Boost), Zealot x3  
  160  9:47  Zealot  
  160  9:48  High Templar x2, Protoss Air Weapons Level 1 (Chrono Boost)  
  160  9:49  High Templar x3  
  172  9:56  Protoss Ground Weapons Level 3  
  172  10:07  Probe  
  172  10:08  Zealot x3  
  172  10:10  Warp Prism (Chrono Boost)  
  177  10:16  Zealot x2  
  177  10:17  Probe  
  177  10:18  Probe  
  182  10:26  High Templar x4  
  182  10:27  High Templar  
  190  10:30  High Templar  
  190  10:32  Pylon  
  190  10:34  Archon x2  
  192  10:38  Zealot x2  
  192  10:41  Photon Cannon  
  194  10:43  Photon Cannon  
  194  10:45  Photon Cannon  
  172  10:51  Zealot x2  
  172  10:53  Archon  
  175  10:57  Probe  
  175  11:00  Observer (Chrono Boost)  
  175  11:04  Fleet Beacon, Zealot  
  176  11:05  Zealot x6  
  176  11:07  Stargate  
  176  11:09  Zealot  
  168  11:26  Zealot x9  
  171  11:48  Zealot x4  
  171  11:49  Zealot x5  
  187  11:55  Nexus  
  187  12:02  Probe (Chrono Boost)  
  180  12:14  Zealot x6  
  180  12:15  Zealot x2  
  194  12:21  Zealot x2  
  164  12:37  Zealot x7  
  164  12:43  Zealot  
  164  12:44  Zealot x2  
  166  12:55  Archon x2  
  166  12:57  Zealot x5  
  166  12:58  Zealot x2  
  178  13:00  Probe  
Tags
 
Add a new tag
Caveats
  • Supply blocks, unpowered buildings, or Contaminate may cause inaccurate times.
  • Supply counts are checked every 10 seconds.